 Dungeon Crawl Stone Soup version 0.31-a0-210-gccc998df9b (webtiles) character file.

Game seed: 122376250571011999

467 innerfire43 the Trooper (level 6, -4/49 HPs)
             Began as a Demonspawn Monk on June 29, 2023.
             Was a Priest of Vehumet.
             Slain by a killer bee (5 damage)
             ... on level 4 of the Dungeon.
             The game lasted 00:05:14 (4001 turns).

innerfire43 the Trooper (Demonspawn Monk)           Turns: 4001, Time: 00:05:15

Health: -4/49      AC:  9    Str: 14    XL:     6   Next: 81%
Magic:  6/6        EV: 10    Int: 17    God:    Vehumet [***...]
Gold:   183        SH:  4    Dex: 15    Spells: 1/5 levels left

rFire   . . .        h - +2 whip (flame)
rCold   . . .        d - orb {light}
rNeg    + . .        v - +1 scale mail {Will+}
rPois   .            (helmet restricted)
rElec   .            r - +0 cloak
rCorr   .            (no gloves)
SInv    .            s - +0 pair of boots
Will    +....        (no amulet) Stlth
                     i - ring of positive energy
HPRegen 0.28/turn    p - +6 ring of intelligence
MPRegen 0.10/turn

%: no passive effects
@: lethally poisoned (-4 -> -23), glowing
A: antennae 1, large bone plates 1, demonic magic 2
a: Renounce Religion


You were on level 4 of the Dungeon.
You worshipped Vehumet.
Vehumet was most pleased with you.
You visited 1 branch of the dungeon, and saw 5 of its levels.

You collected 183 gold pieces.

Inventory:

Hand Weapons
 a - a +0 spear
 h - a +2 whip of flaming (weapon)
 j - a +2 dagger of draining
Armour
 b - a +0 robe
 d - an orb of light (worn)
 r - a +0 cloak (worn)
 s - a +0 pair of boots (worn)
 v - a +1 scale mail of willpower (worn)
Jewellery
 i - a ring of positive energy (left hand)
 p - a +6 ring of intelligence (right hand)
Scrolls
 l - 6 scrolls of identify
 n - 3 scrolls of immolation {unknown}
 o - a scroll of silence {unknown}
 t - 2 scrolls of noise {unknown}
Potions
 f - a potion of brilliance {unknown}
 g - 2 potions of haste
 k - a potion of degeneration {unknown}
 q - a potion of curing {unknown}
 u - a potion of enlightenment {unknown}


   Skills:
 + Level 4.7 Fighting
 * Level 3.9 Maces & Flails
 - Level 3.1 Polearms
 + Level 4.2 Dodging


You had one spell level left.
You knew the following spells:

 Your Spells              Type           Power      Damage    Failure   Level
a - Magic Dart            Conj           0%         1d3       26%         1
b - Stone Arrow           Conj/Erth      0%         3d7       58%         3

Your spell library contained the following spells:

 Spells                   Type           Power      Damage    Failure   Level


Dungeon Overview and Level Annotations

Branches:
Dungeon (5/15)
 Temple: D:4-7

Altars:
Vehumet

Shops:
D:2 :


Innate Abilities, Weirdness & Mutations

You have a pair of small antennae on your head.
You are partially covered in large bone plates. (SH +4)
Spells you cast may paralyse nearby enemies.


Message History

You feel much better.
You feel very sick.
The killer bee stings you. x2; The jackal barely misses you.
You block the killer bee's attack. The killer bee closely misses you.
The jackal bites you but does no damage.
You barely miss the killer bee.
You feel sick. The killer bee stings you.
* * * LOW HITPOINT WARNING * * *
You are lethally poisoned!
The killer bee poisons you! The killer bee stings you.
* * * LOW HITPOINT WARNING * * *
The killer bee closely misses you.
The killer bee stings you but does no damage.
The jackal barely misses you.
You feel much better.
You feel very sick. The killer bee stings you! The killer bee stings you.
You are lethally poisoned!
The killer bee poisons you!
The jackal bites you but does no damage.
The killer bee stings you but does no damage.
You block the killer bee's attack.
You barely miss the killer bee.
* * * LOW HITPOINT WARNING * * *
You feel very sick. The killer bee barely misses you.
The killer bee stings you.
* * * LOW HITPOINT WARNING * * *
You are more poisoned.
The killer bee poisons you! The jackal bites you.
* * * LOW HITPOINT WARNING * * *
The killer bee completely misses you.
The killer bee stings you but does no damage.
The jackal bites you but does no damage.
You hit the killer bee but do no damage.
* * * LOW HITPOINT WARNING * * *
You feel very sick. The killer bee stings you.
* * * LOW HITPOINT WARNING * * *
The killer bee barely misses you. The jackal barely misses you.
The killer bee closely misses you. The killer bee stings you.
You die...

#....##.............
#....##.######.#.###
#....##.# #.#.#
#....##.# #.#.#
#....##.######.#.###
#..............#....
##...##......###....
#hy)##.............
#y@.##......#......
#...##......#......
#...##......#......
######......#......
#......#......
########......
######### #......
#<......###......
###.......#......


You could see 2 killer bees and a jackal.

Vanquished Creatures
  2 ogres
  A phantom (D:4)
  A scorpion (D:4)
  A hound (D:4)
  A gnoll (D:1)
  5 adders
  An ufetubus (D:5)
  A worm (D:2)
  2 dart slugs
  An orc (D:5)
  6 ball pythons
  5 bats
  7 endoplasms
  8 giant cockroaches
  7 goblins
  4 hobgoblins
  A jackal (D:5)
  7 kobolds
  4 quokkas
  15 frilled lizards
  8 rats
88 creatures vanquished.

Notes
Turn   | Place    | Note
-------+----------+-------------------------------------------
     0 | D:1      | innerfire43 the Demonspawn Monk began the quest for the
                  | Orb.
     0 | D:1      | Reached XP level 1. HP: 18/18 MP: 1/1
    54 | D:1      | Gained mutation: Spells you cast may paralyse adjacent
                  | enemies. [demonic ancestry]
    54 | D:1      | Reached XP level 2. HP: 23/24 MP: 2/2
   357 | D:1      | Reached XP level 3. HP: 23/29 MP: 3/3
  1208 | D:2      | Reached skill level 1 in Maces & Flails
  1261 | D:2      | Gained mutation: You are partially covered in large bone
                  | plates. (SH +4) [demonic ancestry]
  1261 | D:2      | Reached XP level 4. HP: 37/37 MP: 4/4
  1603 | D:2      | Found Qasut's Book Shoppe.
  1850 | D:3      | Found a faded altar of an unknown god.
  2474 | D:3      | Prayed at the altar of an unknown god.
  2474 | D:3      | Became a worshipper of Vehumet
  2474 | D:3      | Reached * piety under Vehumet
  2474 | D:3      | Offered knowledge of Kiss of Death by Vehumet.
  2474 | D:3      | Reached ** piety under Vehumet
  2676 | D:4      | Offered knowledge of Magic Dart by Vehumet.
  2680 | D:4      | Learned a level 1 spell: Magic Dart
  2702 | D:4      | Reached *** piety under Vehumet
  2702 | D:4      | Offered knowledge of Stone Arrow by Vehumet.
  2703 | D:4      | Gained mutation: Spells you cast may paralyse nearby
                  | enemies. [demonic ancestry]
  2703 | D:4      | Reached XP level 5. HP: 42/42 MP: 5/5
  2707 | D:4      | Learned a level 3 spell: Stone Arrow
  2728 | D:4      | Noticed a phantom
  2745 | D:4      | Killed a phantom
  3322 | D:4      | Gained mutation: You have a pair of small antennae on your
                  | head. [demonic ancestry]
  3322 | D:4      | Reached XP level 6. HP: 45/49 MP: 2/6
  3653 | D:5      | Entered Level 5 of the Dungeon
  4001 | D:4      | HP: 2/49 [poisoned by a killer bee]
  4001 | D:4      | Slain by a killer bee

Illustrated notes

Levels and vault maps discovered:
D:1:      nzn_arrival_depleted_hourglass, layout_basic
D:2:      layout_loops_ring, serial_shops, nicolae_shop_pleasant_corner_grove,
          minmay_lizard_king
D:3:      layout_loops_ring, chequers_ecumenical_altar_simple_redux
D:4:      layout_basic
D:5:      layout_gridville

Skill      XL: |  1  2  3  4  5  6 |
---------------+-------------------+-----
Polearms       | 3 |  3.1
Dodging        | 3 4 |  4.2
Maces & Flails | 1 2 3 |  3.9
Fighting       | 4 |  4.7

Action                     |  1- 3 |  4- 6 || total
---------------------------+-------+-------++-------
  Melee: Spear             |    69 |       ||    69
         Whip              |    40 |   103 ||   143
   Cast: Magic Dart        |       |    45 ||    45
         Stone Arrow       |       |     1 ||     1
    Use: Scroll            |     2 |     1 ||     3
         Potion            |       |     5 ||     5
   Stab: Paralysed         |       |     8 ||     8
 Armour: Robe              |    20 |    15 ||    35
         Scale mail        |       |    36 ||    36
  Dodge: Dodged            |    71 |    95 ||   166
  Block: Orb               |       |    22 ||    22

Table legend: (Time is in decaauts)
 A = Elapsed time spent in this place.
 B = Non-inter-level travel time spent in this place.
 C = Inter-level travel time spent in this place.
 D = Time resting spent in this place.
 E = Time spent auto-exploring this place.
 F = Levels seen in this place.
 G = Mean time per level.
                   A        B        C        D        E       F      G
               +--------+--------+--------+--------+--------+-----+--------+
         Total |   3997 |   3853 |    144 |      0 |   3286 |   5 |  799.4 |
       Dungeon |   3997 |   3853 |    144 |      0 |   3286 |   5 |  799.4 |
               +--------+--------+--------+--------+--------+-----+--------+

Top non-repeatable levels by time:
     D:4: 1171 daAuts
     D:1: 1044 daAuts
     D:2: 743 daAuts
     D:3: 709 daAuts
     D:5: 329 daAuts
